 Dungeon Crawl Stone Soup version 0.29.1-15-g9cfb28693d (webtiles) character file.

Game seed: 11073488433288900304

11545 Hugehornet the Bludgeoner (level 11, -4/67 HPs)
             Began as a Gargoyle Fighter on Mar 23, 2023.
             Was a High Priest of Okawaru.
             Slain by a komodo dragon (13 damage)
             ... on level 1 of the Lair of Beasts.
             The game lasted 00:31:31 (12481 turns).

Hugehornet the Bludgeoner (Gargoyle Fighter)       Turns: 12481, Time: 00:31:31

Health: -4/67      AC: 27    Str: 19    XL:     11   Next: 79%
Magic:  11/11      EV: 13    Int: 14    God:    Okawaru [*****.]
Gold:   478        SH:  9    Dex: 12    Spells: 10/10 levels left

rFire   . . .      SeeInvis +   F - +5 morningstar
rCold   . . .      Faith    .   c - +0 buckler
rNeg    + . .      Spirit   .   K - +1 scale mail
rPois   ∞          Reflect  +   l - +0 helmet
rElec   +          Harm     .   v - +2 cloak
rCorr   .          Rampage  .   M - +1 pair of gloves {Dex+3}
Will    ++...                   w - +1 pair of boots
Stlth   ..........              y - amulet of reflection
HPRegen 0.21/turn               E - ring of willpower
MPRegen 0.12/turn               k - ring "Zoutaf" {EV+4 SInv}

@: about to teleport, studying Transmutations
A: sickness immunity, AC +8, negative energy resistance 1, electricity
resistance, torment resistance 1, petrification resistance, strong-willed 1,
subdued magic 1
a: Renounce Religion, Heroism, Finesse, Duel


You were on level 1 of the Lair of Beasts.
You worshipped Okawaru.
Okawaru was extremely pleased with you.
You visited 3 branches of the dungeon, and saw 12 of its levels.

You collected 868 gold pieces.
You spent 390 gold pieces at shops.

Inventory:

Hand Weapons
 a - a +0 flail
 A - a +0 war axe
 D - a +4 club
 F - a +5 morningstar (weapon)
Missiles
 p - 7 throwing nets (quivered)
Armour
 c - a +0 buckler (worn)
 d - a +0 plate armour
 j - a +0 kite shield
 l - a +0 helmet (worn)
 o - a +2 pair of gloves
 v - a +2 cloak (worn)
 w - a +1 pair of boots (worn)
 G - a +1 kite shield
 K - a +1 scale mail (worn)
 M - a +1 pair of gloves of dexterity (worn)
Jewellery
 k - the ring "Zoutaf" (right hand) {EV+4 SInv}
   (You took it off a gnoll bouda on level 7 of the Dungeon)

   [ring of evasion]

   EV:        It affects your evasion (+4).
   SInv:      It lets you see invisible.
 y - an amulet of reflection (around neck)
 E - a ring of willpower (left hand)
Wands
 e - a wand of quicksilver (11)
 r - a wand of flame (31)
 x - a wand of polymorph (7)
Scrolls
 f - a scroll of torment
 g - a scroll of amnesia
 h - 3 scrolls of immolation
 m - 2 scrolls of teleportation
 n - a scroll of vulnerability
 q - a scroll of blinking {unknown}
 t - 3 scrolls of magic mapping
 u - a scroll of silence {unknown}
 B - 3 scrolls of poison
 C - a scroll of noise {unknown}
Potions
 i - 4 potions of degeneration
 s - 3 potions of brilliance
 z - a potion of flight
 H - a potion of resistance
 I - a potion of attraction
 J - a potion of berserk rage
 L - a potion of might


   Skills:
 - Level 7.0 Fighting
 * Level 15.3 Maces & Flails
 - Level 10.0 Armour
 - Level 3.2 Shields


You had 10 spell levels left.
You didn't know any spells.
Your spell library contained the following spells:

 Spells                   Type           Power      Damage    Failure   Level
 Apportation              Tloc           0%         N/A       63%         1
 Necrotise                Necr           0%         1d4       63%         1
 Dazzling Flash           Conj/Hex       0%         N/A       95%         3
 Iskenderun's Mystic Bla  Conj/Tloc      0%         2d3       100%        4
 Starburst                Conj/Fire      0%         6d3       100%        6
 Summon Small Mammal      Summ           Unusable   N/A       N/A         1

Dungeon Overview and Level Annotations

Branches:
Dungeon (9/15)             Temple (1/1) D:4            Lair (2/5) D:8
    Orc (0/2) D:9
  Swamp: Lair:2-3    Shoals: Lair:2-3     Snake: Lair:2-3    Spider: Lair:2-3

Altars:
Ashenzari
Cheibriados
Dithmenos
Elyvilon
Fedhas
Gozag
Hepliaklqana
Kikubaaqudgha
Makhleb
Nemelex Xobeh
Okawaru
Qazlal
Ru
Sif Muna
Trog
Uskayaw
Vehumet
Wu Jian
Xom
Yredelemnul
Zin
The Shining One

Shops:
D:4 [((!:   D:6 *   D:8 =


Innate Abilities, Weirdness & Mutations

You are immune to sickness and miasma.
Your stone body is resilient. (AC +8)
You are immune to poison.
You resist negative energy. (rN+)
You are resistant to electric shocks. (rElec)
You are resistant to unholy torment.
You are immune to petrification.
You are strong-willed. (Will+)
Your spells are a little easier to cast, but a little less powerful.


Message History

You climb downwards.
You block the cane toad's attack.
The komodo dragon bites you but does no damage.
The cane toad misses you.
There is a stone staircase leading up here.
You sock the komodo dragon!
The komodo dragon is moderately wounded.
The komodo dragon bites you. You block the cane toad's attack.
You barely miss the komodo dragon.
The komodo dragon is moderately wounded.
The cane toad stings you! You block the cane toad's attack.
You puncture the komodo dragon!
The komodo dragon is heavily wounded.
You block the komodo dragon's attack. You block the cane toad's attack.
The cane toad stings you. The adder barely misses you.
You block the komodo dragon's attack. You block the cane toad's attack.
The adder misses you. The cane toad barely misses you.
You climb upwards.
There is a stone staircase leading down here.
The komodo dragon attacks as you move away!
The komodo dragon bites you!! You block the adder's attack.
The cane toad stings you but does no damage. x2
The adder closely misses you. The adder attacks as you move away!
The adder closely misses you. The cane toad stings you!
The cane toad closely misses you. The cane toad attacks as you move away!
The cane toad stings you. The adder bites you.
* * * LOW HITPOINT WARNING * * *
The cane toad attacks as you move away! The cane toad misses you.
The adder attacks as you move away! You block the adder's attack.
The cane toad attacks as you move away! The cane toad stings you.
* * * LOW HITPOINT WARNING * * *
You feel better. The cane toad barely misses you.
The komodo dragon bites you but does no damage.
As you read the scroll of teleportation, it crumbles to dust.
You feel strangely unstable. The adder closely misses you.
The cane toad stings you!
* * * LOW HITPOINT WARNING * * *
The adder closely misses you. The komodo dragon bites you!
You die...

#..# #.......... ##..#
#........##
#...#########+.......#
##..........#.8......#
#..P#####.#.#....#...#
##.## ###.......##.#
##.# ##.........###
#..######...........###
#P..#F@#........##...##
##...S#l..###.8.###...#
#...F....#.#...####..#
#...†...###......##..†
#....>.8.##..>..###8.>
#...#...###.....# #...
#..##...###.....###..#
#..##....###.8.##....#
#..####...#....#.....#


You could see a komodo dragon, 2 cane toads and an adder.

Vanquished Creatures
  The ghost of Ceigo the Grave Robber, a novice DgNe (D:7)
  A wolf spider (Lair:2)
  Joseph (D:7)
  3 cane toads (Lair:1)
  2 rime drakes (Lair:1)
  4 komodo dragons
  A troll (D:9)
  A hornet (D:9)
  16 yaks
  2 steam dragons
  2 wyverns
  2 basilisks
  A warg (D:9)
  5 water moccasins
  Duvessa (D:5)
  A sky beast (D:7)
  An ice beast (D:6)
  3 orc warriors
  2 ogres (D:6)
  3 kobold brigands
  6 bullfrogs
  3 gnoll sergeants (D:7)
  2 necrophages
  2 scorpions (D:6)
  10 wights
  Dowan (D:5)
  9 killer bees
  An electric eel (Lair:1)
  A howler monkey (D:6)
  Crazy Yiuf (D:3)
  5 orc priests
  2 gnoll boudas
  4 hounds
  3 iguanas
  Jessica (D:2)
  Natasha (thrice) (D:2)
  Ijyb (D:5)
  5 orc wizards
  Robin (D:2)
  14 gnolls
  11 adders
  2 shadow imps
  A white imp (D:6)
  2 ufetubi
  3 worms
  5 dart slugs
  27 orcs
  8 ball pythons
  6 bats
  3 endoplasms
  2 giant cockroaches
  12 goblins
  10 hobgoblins
  2 quokkas
  A frilled lizard (D:1)
  14 kobolds
  4 rats
241 creatures vanquished.

Vanquished Creatures (others)
  An orc wizard (D:7)
  8 bushes (Lair:1)
  13 fungi
  71 plants
  6 toadstools (D:4)
99 creatures vanquished.

Grand Total: 340 creatures vanquished

Notes
Turn   | Place    | Note
-------+----------+-------------------------------------------
     0 | D:1      | Hugehornet the Gargoyle Fighter began the quest for the
                  | Orb.
     0 | D:1      | Reached XP level 1. HP: 14/14 MP: 1/1
   229 | D:1      | Reached XP level 2. HP: 19/19 MP: 2/2
   296 | D:1      | Reached skill level 3 in Maces & Flails
   532 | D:1      | Reached XP level 3. HP: 23/23 MP: 3/3
   916 | D:2      | Noticed Natasha
   930 | D:2      | Killed Natasha
   931 | D:2      | Reached skill level 4 in Maces & Flails
   931 | D:2      | Reached XP level 4. HP: 7/28 MP: 4/4
  1197 | D:2      | Noticed Natasha
  1208 | D:2      | Killed Natasha
  1221 | D:2      | Noticed Natasha
  1252 | D:2      | Killed Natasha
  1589 | D:2      | Reached skill level 5 in Maces & Flails
  1594 | D:2      | Reached XP level 5. HP: 25/32 MP: 5/5
  1858 | D:2      | Found a radiant altar of Vehumet.
  1874 | D:2      | Noticed Robin
  1905 | D:2      | Killed Robin
  2205 | D:2      | Noticed Jessica
  2210 | D:2      | Killed Jessica
  2731 | D:3      | Found a shimmering blue altar of Sif Muna.
  2733 | D:3      | Found a shadowy altar of Dithmenos.
  2736 | D:3      | Found a glowing golden altar of the Shining One.
  2742 | D:3      | Found a bloodstained altar of Trog.
  2744 | D:3      | Found a white marble altar of Elyvilon.
  2749 | D:3      | Found a broken altar of Ashenzari.
  2750 | D:3      | Found a radiant altar of Vehumet.
  3012 | D:3      | Found a runed translucent door.
  3013 | D:3      | Noticed Crazy Yiuf
  3126 | D:3      | Killed Crazy Yiuf
  3127 | D:3      | Reached skill level 6 in Maces & Flails
  3237 | D:4      | Found Menn's Book Shop.
  3313 | D:4      | Reached XP level 6. HP: 30/37 MP: 6/6
  3584 | D:4      | Found a staircase to the Ecumenical Temple.
  3657 | D:4      | Found Fiutosur's Weapon Shoppe.
  3739 | D:4      | Found Ozxait's Weapon Emporium.
  3758 | D:4      | Found Fyefego's Antique Armour Emporium.
  4149 | D:4      | Found Jaivecie's Distillery.
  4209 | Temple   | Entered the Ecumenical Temple
  4237 | Temple   | Became a worshipper of Warmaster Okawaru
  4269 | D:5      | Entered Level 5 of the Dungeon
  4418 | D:5      | Noticed Dowan
  4421 | D:5      | Noticed Duvessa
  4643 | D:5      | Killed Duvessa
  4644 | D:5      | Reached skill level 7 in Maces & Flails
  4644 | D:5      | Reached XP level 7. HP: 39/41 MP: 7/7
  4645 | D:5      | Killed Dowan
  4944 | D:5      | Reached * piety under Okawaru
  4952 | D:5      | Reached skill level 8 in Maces & Flails
  4986 | D:5      | Noticed Ijyb
  5004 | D:5      | Killed Ijyb
  5306 | D:6      | Reached skill level 5 in Fighting
  5306 | D:6      | Reached XP level 8. HP: 39/50 MP: 8/8
  5465 | D:6      | Found Weku's Fire Supplies.
  5749 | D:6      | Reached ** piety under Okawaru
  6295 | D:4      | Bought a potion of heal wounds for 50 gold pieces
  6295 | D:4      | Bought a potion of degeneration for 10 gold pieces
  6295 | D:4      | Bought a potion of curing for 30 gold pieces
  6295 | D:4      | Bought a potion of mutation for 80 gold pieces
  6295 | D:4      | Gained mutation: Your spells are a little easier to cast,
                  | but a little less powerful. [potion of mutation]
  6295 | D:4      | Gained mutation: You are strong-willed. (Will+) [potion of
                  | mutation]
  6298 | D:4      | Bought a potion of resistance for 100 gold pieces
  6298 | D:4      | Bought a potion of brilliance for 40 gold pieces
  6298 | D:4      | Bought a potion of attraction for 30 gold pieces
  6298 | D:4      | Bought a potion of berserk rage for 50 gold pieces
  6346 | D:7      | Found a transporter.
  6351 | D:7      | Found a transporter.
  6736 | D:7      | Identified the ring "Zoutaf" {EV+4 SInv}
  6747 | D:7      | Noticed Joseph
  6896 | D:7      | Killed Joseph
  6897 | D:7      | Reached skill level 9 in Maces & Flails
  7086 | D:6      | Reached XP level 9. HP: 57/57 MP: 9/9
  7181 | D:7      | Noticed Ceigo's ghost (novice DgNe)
  7201 | D:7      | Reached skill level 10 in Maces & Flails
  7454 | D:7      | Identified the +1 chain mail of Sinuifin {Harm}
  7756 | D:7      | Killed Ceigo's ghost
  7756 | D:7      | Reached *** piety under Okawaru
  7757 | D:7      | Reached skill level 11 in Maces & Flails
  7757 | D:7      | Reached skill level 5 in Armour
  8593 | D:8      | Reached **** piety under Okawaru
  8694 | D:8      | Reached XP level 10. HP: 63/63 MP: 10/10
  9075 | D:8      | Found Wenakk's Jewellery Shoppe.
  9210 | D:8      | Reached skill level 12 in Maces & Flails
  9302 | D:8      | Found a staircase to the Lair.
  9785 | D:9      | Found a staircase to the Orcish Mines.
 10083 | D:9      | Reached skill level 13 in Maces & Flails
 10314 | D:9      | Identified the +6 great sword of Impatience {freeze, rF+
                  | Stlth+}
 10391 | D:9      | Reached ***** piety under Okawaru
 10896 | Lair:1   | Entered Level 1 of the Lair of Beasts
 10909 | Lair:1   | Reached XP level 11. HP: 54/67 MP: 11/11
 11002 | Lair:1   | Reached skill level 14 in Maces & Flails
 11391 | Lair:1   | Received a gift from Okawaru
 11935 | Lair:1   | Reached skill level 15 in Maces & Flails
 12388 | Lair:2   | Noticed a wolf spider
 12451 | Lair:2   | Killed a wolf spider
 12452 | Lair:2   | Reached skill level 10 in Armour
 12481 | Lair:1   | Slain by a komodo dragon

Illustrated notes

Levels and vault maps discovered:
D:1:      heliophobic_arrival_ceremonial_halls, layout_rooms, st_stairs_9,
          minmay_pentomino_x4
D:2:      layout_loops_cross, basic_altar, uniq_jessica, uniq_robin,
          uniq_natasha
D:3:      layout_rooms, nicolae_overflow_hallway_of_the_gods,
          uniq_crazy_yiuf_cottage
D:4:      layout_layer_cave, minmay_temple_entry_grid, serial_shops, shop,
          nicolae_take_the_stairs, kennysheep_mini_moat, shop, shop_coins,
          minmay_gold_behind_fungi
D:5:      layout_rooms, minmay_fountain_box, uniq_duvessa, uniq_ijyb
D:6:      layout_rooms, nicolae_shop_fire_sale [nicolae_sub_dead_trees],
          grunt_ministairs_12
D:7:      layout_cave_pools, gammafunk_ghost_gnarly_gnolls,
          hellmonk_bongcloud_opening, hangedman_abyss_or_decor_lesser_grid,
          uniq_joseph
D:8:      layout_basic, david_lair_shrubbed, serial_shops, shop
D:9:      layout_loops_cross, david_orc_3
Temple:   minmay_freezing_vapour_temple
Lair:1:   layout_chaotic_city, minmay_hedge_maze, grunt_megastairs_5,
          serial_bayou_shore_a
Lair:2:   minmay_lair_venomous_thicket, layout_chaotic_city,
          guppyfry_snake_entry_island

Skill      XL: |  1  2  3  4  5  6  7  8  9 10 11 |
---------------+----------------------------------+-----
Maces & Flails | 3 4 5 6 7 8 9 11 13 15 | 15.3
Fighting       | 5 7 |  7.0
Armour         | 6 8 10 | 10.0
Shields        | |  3.2

Action                   |  1- 3 |  4- 6 |  7- 9 | 10-12 || total
-------------------------+-------+-------+-------+-------++-------
Melee: Flail             |    72 |   187 |   186 |       ||   445
       Morningstar       |       |       |   164 |   419 ||   583
Invok: Heroism           |       |       |     4 |     3 ||     7
  Use: Potion            |       |     1 |     6 |     1 ||     8
       Scroll            |       |       |    24 |     1 ||    25
Armor: Scale mail        |    41 |    92 |   161 |   139 ||   433
Dodge: Dodged            |    26 |    72 |   145 |   136 ||   379
Block: Buckler           |    17 |    54 |   174 |   150 ||   395
       Reflection        |       |       |     5 |     2 ||     7
